 Dungeon Crawl Stone Soup version 0.20.0-14-g326068f (webtiles) character file.

27192 kuniqs the Fighter (level 13, 119/119 HPs)
             Began as a Minotaur Fighter on June 8, 2017.
             Was the Champion of Dithmenos.
             Quit the game on level 10 of the Dungeon.
             The game lasted 00:21:00 (14615 turns).

kuniqs the Fighter (Minotaur Fighter)              Turns: 14615, Time: 00:21:01

Health: 119/119    AC: 20    Str: 31    XL:     13   Next: 3%
Magic:  12/12      EV: 15    Int:  5    God:    Dithmenos [******]
Gold:   935        SH: 14    Dex: 13    Spells: 12/12 levels left

rFire    + . .     SeeInvis .   o - +3 morningstar (freeze)
rCold    + . .     Gourm    .   c - +0 shield
rNeg     . . .     Faith    .   L - +2 chain mail {rC+}
rPois    .         Spirit   .   (helmet restricted)
rElec    .         Reflect  .   S - +0 cloak
rCorr    .         Harm     +   y - +0 pair of gloves
MR       .....                  F - +1 pair of boots "Siel" {Str+6}
Stlth    ..........             P - amulet of harm (curse)
Regen    0.3/turn               x - ring of protection from fire
MPRegen  0.2/turn               Q - ring of stealth

@: wreathed by umbra
A: retaliatory headbutt, horns 2, talons 1, strong 1, sturdy frame 1
a: Shadow Step, Shadow Form, Renounce Religion


You were on level 10 of the Dungeon.
You worshipped Dithmenos.
Dithmenos was exalted by your worship.
You were not hungry.

You visited 3 branches of the dungeon, and saw 17 of its levels.
You also visited: Ossuary.

You collected 1145 gold pieces.
You spent 210 gold pieces at shops.

Inventory:

Hand Weapons
 a - a +0 war axe
 o - a +3 morningstar of freezing (weapon)
Armour
 c - a +0 shield (worn)
 y - a +0 pair of gloves (worn)
 F - the +1 pair of boots "Siel" (worn) {Str+6}
   (You found it on level 6 of the Dungeon)

   It affects your strength (+6).
 L - a +2 chain mail of cold resistance (worn)
 S - a +0 cloak (worn)
Jewellery
 v - a +2 ring of strength
 x - a ring of protection from fire (left hand)
 O - an uncursed amulet of rage {unknown}
 P - a cursed amulet of harm (around neck)
 Q - a ring of stealth (right hand)
Wands
 h - a wand of confusion (3/48)
 n - a wand of iceblast (0/15)
 s - a wand of scattershot (0/9)
 A - a wand of iceblast (2/15)
 J - a wand of paralysis (6/24)
Scrolls
 b - a scroll of blinking
 j - 7 scrolls of teleportation
 m - a scroll of enchant armour {unknown}
 p - a scroll of fear
 r - 2 scrolls of recharging {unknown}
 u - a scroll of summoning {unknown}
 w - 2 scrolls of silence {unknown}
 D - 3 scrolls of remove curse {@r2}
 H - a scroll of magic mapping
 K - a scroll of enchant weapon {unknown}
 M - 2 scrolls of holy word
 T - a scroll of fog {unknown}
Potions
 i - 3 potions of heal wounds
 k - 7 potions of haste
 l - 9 potions of curing {@q1}
 q - a potion of cancellation
 t - 2 potions of lignification
 z - 2 potions of ambrosia
 B - 2 potions of mutation
 C - 4 potions of resistance
 E - 2 potions of magic {unknown}
 G - a potion of invisibility
 I - 2 potions of flight
 N - 3 potions of might
Comestibles
 d - 10 bread rations
 e - 6 meat rations
 f - 3 fruits
 g - 7 royal jellies


   Skills:
 + Level 12.4 Fighting
 + Level 12.0 Axes
 + Level 12.1 Armour
 + Level 10.9 Dodging
 + Level 12.1 Shields


You had 12 spell levels left.
You didn't know any spells.

Dungeon Overview and Level Annotations

Branches:
Dungeon (10/15)            Temple (1/1) D:5            Lair (6/6) D:10
  Snake (0/4) Lair:4          Orc (0/2) D:10
  Swamp: Lair:2-4    Shoals: Lair:2-4     Slime: Lair:5-6

Altars:
Ashenzari
Dithmenos
Kikubaaqudgha
Makhleb
Ru
Uskayaw
Vehumet
Zin

Shops:
D:5 !   D:6 %   D:10 %

Annotations:
Lair:3 Fannar
Lair:5 exclusion: 2 oklob plants


Innate Abilities, Weirdness & Mutations

You reflexively headbutt those who attack you in melee.
You have a pair of horns on your head.
You have sharp toenails.
Your muscles are strong. (Str +2)
Your movements are slightly less encumbered by armour. (ER -2)


Message History

The orc throws a stone.
You block the stone.
You see here a stone.
You bludgeon the orc priest!! You freeze the orc priest.
You kill the orc priest!
Dithmenos accepts your kill.
The orc throws a stone.
The stone completely misses you.
The orc throws a stone.
The stone hits you but does no damage. The orc hits you but does no damage.
There is an open door here.
You thump the orc! You freeze the orc.
You kill the orc!
Dithmenos accepts your kill.
No target in view!
No target in view!
No target in view!
Things that are here:
a short sword; 8 stones; an orc corpse
Things that are here:
a short sword; 8 stones; an orc corpse Are you sure you want to abandon this character and quit the game? (Confirm with "yes".)

##..########....
#..........#....
#.........:#....
#..........#....
################
#######.###8###8###.#
#≈≈§.#...#...#...#..)
#≈§§.#(.(..........[.
#≈>.@')............[.
#≈≈..#...............
#≈≈≈.#...#...#...#...
#######8###.###8###8#
### ### ### ###


There were no monsters in sight!

Vanquished Creatures
  Nessos (Lair:4)
  6 hydras
  A catoblepas (Lair:4)
  5 two-headed ogres
  A centaur warrior (D:10)
  Sonja (D:10)
  Psyche (D:8)
  Joseph (D:8)
  A black mamba (Lair:2)
  7 spiny frogs
  4 komodo dragons
  8 blink frogs
  3 hippogriffs
  A human (D:8)
  4 hogs (D:8)
  19 yaks
  A basilisk (Lair:2)
  3 hungry ghosts
  3 vampire mosquitoes
  2 nagas (Lair:4)
  7 water moccasins
  5 porcupines
  5 orc warriors
  A black bear (Lair:5)
  A necrophage (D:10)
  2 sky beasts
  An eye of draining (D:10)
  A wolf (Lair:5)
  2 ogres
  4 centaurs
  10 crocodiles
  2 big kobolds (D:10)
  10 bullfrogs
  A wyvern zombie (D:7)
  6 scorpions
  4 killer bees (D:9)
  2 howler monkeys (D:9)
  4 wights (D:9)
  An electric eel (Lair:1)
  5 crimson imps
  2 bullfrog zombies
  7 orc priests
  4 hounds
  3 jellies
  3 bullfrog skeletons
  2 gnoll shamans
  11 orc wizards
  Jessica (D:3)
  6 iguanas
  7 worker ants
  Ijyb (D:3)
  A hound zombie (D:10)
  A hound skeleton (D:9)
  8 mummies (Ossuary)
  A worker ant zombie (D:9)
  19 gnolls
  A howler monkey skeleton (D:6)
  22 adders
  3 shadow imps
  2 oozes
  An adder zombie (D:6)
  2 adder skeletons
  2 worms (D:2)
  A dart slug (D:2)
  12 leopard geckos
  42 orcs
  6 bats
  8 giant cockroaches
  8 goblins
  10 hobgoblins
  17 jackals
  16 kobolds
  3 quokkas
  8 ball pythons
  A ball python skeleton (D:4)
  4 frilled lizards
  4 hobgoblin zombies (Ossuary)
  2 kobold zombies (Ossuary)
  2 orc zombies (Ossuary)
  9 rats
410 creatures vanquished.

Vanquished Creatures (others)
  A human (D:9)
  A fungus (Lair:4)
  8 plants (Lair:2)
10 creatures vanquished.

Grand Total: 420 creatures vanquished

Notes
Turn   | Place    | Note
-------+----------+-------------------------------------------
     0 | D:1      | kuniqs the Minotaur Fighter began the quest for the Orb.
     0 | D:1      | Reached XP level 1. HP: 19/19 MP: 0/0
   129 | D:1      | Reached XP level 2. HP: 27/27 MP: 1/1
   401 | D:1      | Reached skill level 1 in Dodging
   593 | D:2      | Reached XP level 3. HP: 32/33 MP: 2/2
   595 | D:2      | Found a sacrificial altar of Ru.
   768 | D:2      | Reached XP level 4. HP: 37/41 MP: 3/3
  1220 | D:3      | Reached XP level 5. HP: 47/47 MP: 4/4
  1541 | D:3      | Noticed Ijyb
  1586 | D:3      | Killed Ijyb
  1869 | D:3      | Noticed Jessica
  1880 | D:3      | Killed Jessica
  1880 | D:3      | Reached skill level 5 in Fighting
  2065 | D:3      | Reached XP level 6. HP: 56/56 MP: 5/5
  2569 | D:4      | Reached skill level 5 in Shields
  2710 | D:4      | Reached skill level 5 in Armour
  3005 | D:5      | Entered Level 5 of the Dungeon
  3044 | D:5      | Found a staircase to the Ecumenical Temple.
  3060 | Temple   | Entered the Ecumenical Temple
  3098 | Temple   | Became a worshipper of Dithmenos the Shadowed
  3135 | D:5      | Reached XP level 7. HP: 58/61 MP: 6/6
  3191 | D:5      | Found Uhulitu's Distillery.
  3198 | D:5      | Bought a potion of haste for 140 gold pieces
  3198 | D:5      | Bought a potion of heal wounds for 70 gold pieces
  3222 | D:5      | Found a radiant altar of Vehumet.
  3223 | D:5      | Found a burning altar of Makhleb.
  3234 | D:5      | Reached skill level 5 in Axes
  3765 | D:6      | Reached * piety under Dithmenos
  3870 | D:6      | Identified the +1 pair of boots "Siel" {Str+6} (You found it on level 6 of the Dungeon)
  3884 | D:6      | Found a sand-covered staircase.
  3890 | Ossuary  | Entered an ossuary
  4414 | D:6      | Reached ** piety under Dithmenos
  4414 | D:6      | Reached XP level 8. HP: 70/70 MP: 7/7
  4744 | D:6      | Found Rekhiel's Food Shop.
  4889 | D:7      | Reached skill level 5 in Dodging
  5496 | D:7      | Reached XP level 9. HP: 79/79 MP: 8/8
  5579 | D:8      | Noticed Joseph
  5594 | D:8      | Killed Joseph
  5601 | D:8      | Reached *** piety under Dithmenos
  5983 | D:8      | Noticed a two-headed ogre
  5993 | D:8      | Killed a two-headed ogre
  6396 | D:8      | Reached XP level 10. HP: 81/90 MP: 9/9
  6554 | D:8      | Noticed Psyche
  6565 | D:8      | Killed Psyche
  6667 | D:8      | Noticed a two-headed ogre
  6676 | D:8      | Killed a two-headed ogre
  7102 | D:9      | Reached **** piety under Dithmenos
  7421 | D:9      | Found an ancient bone altar of Kikubaaqudgha.
  7747 | D:9      | Gained mutation: Your movements are slightly less encumbered by armour. (ER -2) [potion of mutation]
  7747 | D:9      | Gained mutation: You have sharp toenails. [potion of mutation]
  7747 | D:9      | Gained mutation: Your muscles are strong. (Str +2) [potion of mutation]
  7840 | D:10     | Entered Level 10 of the Dungeon
  7840 | D:10     | Found Canid's Food Shop.
  7879 | D:10     | Reached ***** piety under Dithmenos
  7918 | D:10     | Noticed a two-headed ogre
  7931 | D:10     | Killed a two-headed ogre
  8226 | D:10     | Noticed Sonja
  8246 | D:10     | Killed Sonja
  8246 | D:10     | Reached XP level 11. HP: 90/99 MP: 10/10
  8320 | D:10     | Reached skill level 10 in Fighting
  8347 | D:10     | Reached skill level 10 in Shields
  8682 | D:10     | Noticed a two-headed ogre
  8693 | D:10     | Killed a two-headed ogre
  8731 | D:10     | Noticed a two-headed ogre
  8753 | D:10     | Killed a two-headed ogre
  8753 | D:10     | Reached skill level 10 in Armour
  9072 | D:10     | Noticed a centaur warrior
  9087 | D:10     | Killed a centaur warrior
  9087 | D:10     | Reached skill level 10 in Axes
  9372 | D:10     | Found a staircase to the Lair.
  9464 | Lair:1   | Entered Level 1 of the Lair of Beasts
  9498 | Lair:1   | Noticed an eight-headed hydra
  9507 | Lair:1   | Killed an eight-headed hydra
  9867 | Lair:1   | Noticed a four-headed hydra
  9879 | Lair:1   | Killed a four-headed hydra
 10258 | Lair:1   | Noticed a five-headed hydra
 10266 | Lair:1   | Killed a five-headed hydra
 10906 | Lair:2   | Noticed an eight-headed hydra
 10974 | Lair:2   | Reached XP level 12. HP: 85/110 MP: 11/11
 11003 | Lair:2   | Killed an eight-headed hydra
 11278 | Lair:2   | Reached skill level 10 in Dodging
 11861 | Lair:3   | Noticed a seven-headed hydra
 11864 | Lair:3   | Noticed Fannar
 11868 | Lair:3   | Killed a seven-headed hydra
 12377 | Lair:4   | Noticed a catoblepas
 12391 | Lair:4   | Killed a catoblepas
 12714 | Lair:4   | Noticed Nessos
 12726 | Lair:4   | Killed Nessos
 13180 | Lair:4   | Found a staircase to the Snake Pit.
 13828 | Lair:5   | Noticed a four-headed hydra
 13837 | Lair:5   | Killed a four-headed hydra
 14149 | Lair:6   | Entered Level 6 of the Lair of Beasts
 14201 | Lair:6   | Noticed a four-headed hydra
 14472 | Lair:5   | Reached XP level 13. HP: 113/119 MP: 12/12
 14605 | D:10     | Found a staircase to the Orcish Mines.
 14609 | D:10     | Reached ****** piety under Dithmenos
 14615 | D:10     | Quit the game

Skill      XL: |  1  2  3  4  5  6  7  8  9 10 11 12 13 |
---------------+----------------------------------------+-----
Dodging        | 1 2 3 4 5 6 8 9 10 | 10.9
Fighting       | 4 5 6 7 8 9 11 12 | 12.4
Axes           | 3 4 5 6 8 9 10 11 12 | 12.0
Armour         | 4 5 7 8 9 10 12 | 12.1
Shields        | 4 5 6 7 8 9 11 12 | 12.1

Action                   |  1- 3 |  4- 6 |  7- 9 | 10-12 | 13-15 || total
-------------------------+-------+-------+-------+-------+-------++-------
Melee: War axe           |   103 |   249 |   345 |    51 |       ||   748
       Headbutt          |    16 |    46 |    78 |   120 |     3 ||   263
       Morningstar       |       |       |       |   499 |     8 ||   507
Evoke: Wand              |       |       |     2 |    16 |       ||    18
  Use: Scroll            |       |       |     3 |    14 |       ||    17
       Potion            |       |       |       |     9 |       ||     9
 Stab: Paralysed         |       |       |       |     3 |       ||     3
  Eat: Chunk             |       |     7 |    13 |    23 |       ||    43
       Royal jelly       |       |       |     1 |     1 |       ||     2
       Meat ration       |       |       |       |     2 |       ||     2
Armor: Scale mail        |    16 |       |       |       |       ||    16
       Plate armour      |    40 |   166 |   117 |       |       ||   323
       Chain mail        |       |       |    35 |   222 |     3 ||   260
       Skin              |       |       |       |    15 |       ||    15
Dodge: Dodged            |    28 |    43 |   102 |   314 |     5 ||   492
Block: Shield            |    46 |   137 |   213 |   426 |     7 ||   829
